 Dungeon Crawl Stone Soup version 0.20.1-1-g8b1a95d (console) character file.

446 hilaritas the Spear-Bearer (level 7, -9/52 HPs)
             Began as a Merfolk Gladiator on Feb 23, 2018.
             Was a Follower of Okawaru.
             Mangled by Duvessa
             ... wielding a +0 rapier
              (10 damage)
             ... on level 4 of the Dungeon.
             The game lasted 00:09:26 (3138 turns).

hilaritas the Spear-Bearer (Merfolk Gladiator)      Turns: 3138, Time: 00:09:26

Health: -9/52      AC:  9    Str: 15    XL:     7   Next: 3%
Magic:  15/17      EV: 17    Int:  8    God:    Okawaru [*.....]
Gold:   116        SH:  0    Dex: 16    Spells: 6/6 levels left

rFire    . . .     SeeInvis .   a - +0 trident (freeze)
rCold    . . .     Gourm    .   (no shield)
rNeg     . . .     Faith    .   g - +0 ring mail
rPois    .         Spirit   .   c - +1 helmet
rElec    .         Reflect  .   (no cloak)
rCorr    .         Harm     .   (no gloves)
MR       .....                  r - +0 pair of boots
Stlth    ++........             (no amulet)
Regen    0.2/turn               l - ring of magical power
MPRegen  0.2/turn               (no ring)

@: heroism
A: change form in water, swift swim, stealthy swim
a: Heroism, Renounce Religion


You were on level 4 of the Dungeon.
You worshipped Okawaru.
Okawaru was aware of your devotion.
You were not hungry.

You visited 1 branch of the dungeon, and saw 6 of its levels.

You collected 116 gold pieces.

Inventory:

Hand Weapons
 a - a +0 trident of freezing (weapon)
Missiles
 d - 3 throwing nets (quivered)
Armour
 c - a +1 helmet (worn)
 g - a +0 ring mail (worn)
 r - a +0 pair of boots (worn)
Jewellery
 l - a ring of magical power (left hand)
Scrolls
 p - a scroll of amnesia
Potions
 b - a potion of agility {unknown}
 e - a potion of degeneration {unknown}
 h - a potion of mutation
 i - a potion of lignification
 j - 2 potions of might
 k - a potion of ambrosia {unknown}
 m - 2 potions of heal wounds
 o - 2 potions of magic
Comestibles
 f - 4 bread rations
 n - 3 meat rations
 q - a chunk of flesh


   Skills:
 + Level 3.1(8.1) Fighting
 * Level 9.6(14.6) Polearms
 - Level 2.0(7.0) Throwing
 - Level 4.3(9.3) Dodging
 * Level 2.6 Invocations


You had 6 spell levels left.
You didn't know any spells.

Dungeon Overview and Level Annotations

Branches:
Dungeon (6/15)
 Temple: D:4-7

Altars:
Okawaru
Sif Muna

Annotations:
D:4 Duvessa


Message History

You puncture Duvessa! You freeze Duvessa.
Duvessa is heavily wounded.
Duvessa completely misses you.
You hit Duvessa but do no damage.
Duvessa is heavily wounded.
Duvessa hits you with a rapier!
You completely miss Duvessa.
Duvessa is heavily wounded.
Duvessa hits you but does no damage.
You hit Duvessa.
Duvessa is heavily wounded.
Duvessa misses you.
You hit Duvessa but do no damage.
Duvessa is heavily wounded.
Duvessa hits you with a rapier!
You gain the combat prowess of a mighty hero.
Duvessa hits you with a rapier!
* * * LOW HITPOINT WARNING * * *
Duvessa hits you with a rapier!
You die...

#... .###...## ........#
. ......... ..
.....<..####...
..............# .#
.........#..# .##
.......e...##########..#
....?..@#####.))........
..........###.).........
...######..##)รท)......#
......................#
. ....................#
.........##.......[.##
.#.##..####.........##
.. .................## .
....................
..#.....##.........##
#######. #######.####


You could see Duvessa (berserk).

Vanquished Creatures
  A sky beast (D:3)
  A scorpion (D:6)
  Dowan (D:4)
  A bullfrog skeleton (D:5)
  An orc priest (D:5)
  2 worker ants
  An orc wizard (D:4)
  Robin (D:4)
  2 adders
  An ooze (D:4)
  An adder skeleton (D:5)
  A worm (D:2)
  4 dart slugs (D:2)
  A leopard gecko (D:1)
  6 orcs
  7 bats
  2 giant cockroaches
  14 goblins
  9 hobgoblins
  7 jackals
  3 quokkas
  A ball python (D:1)
  5 frilled lizards
  5 kobolds
  7 rats
85 creatures vanquished.

Notes
Turn   | Place    | Note
-------+----------+-------------------------------------------
     0 | D:1      | hilaritas the Merfolk Gladiator began the quest for the Orb.
     0 | D:1      | Reached XP level 1. HP: 16/16 MP: 1/1
   150 | D:1      | Reached XP level 2. HP: 22/22 MP: 2/2
   175 | D:1      | Reached skill level 5 in Polearms
   494 | D:2      | Found an iron altar of Okawaru.
   501 | D:2      | Became a worshipper of Warmaster Okawaru
   729 | D:2      | Reached XP level 3. HP: 23/27 MP: 3/3
  1179 | D:2      | Reached skill level 6 in Polearms
  1530 | D:2      | Found a deep blue altar of Sif Muna.
  1530 | D:2      | Found an iron altar of Okawaru.
  1670 | D:3      | Reached XP level 4. HP: 31/33 MP: 4/4
  1812 | D:3      | Noticed a sky beast
  1824 | D:3      | Killed a sky beast
  1824 | D:3      | Reached * piety under Okawaru
  1824 | D:3      | Reached skill level 7 in Polearms
  1824 | D:3      | Reached skill level 1 in Invocations
  1824 | D:3      | Reached XP level 5. HP: 32/39 MP: 6/6
  2229 | D:3      | You fall through a shaft for 3 floors!
  2311 | D:6      | Reached skill level 8 in Polearms
  2473 | D:6      | Reached XP level 6. HP: 26/46 MP: 7/7
  2480 | D:5      | Entered Level 5 of the Dungeon
  2811 | D:5      | Reached skill level 9 in Polearms
  2865 | D:4      | Noticed Dowan
  2879 | D:4      | Noticed Robin
  2907 | D:4      | Killed Dowan
  2909 | D:4      | Reached XP level 7. HP: 32/52 MP: 8/8
  2918 | D:4      | Killed Robin
  3127 | D:4      | Noticed Duvessa
  3138 | D:4      | HP: 1/52 [Duvessa/rapier (12)]
  3138 | D:4      | Mangled by Duvessa

Skill      XL: |  1  2  3  4  5  6 |
---------------+-------------------+-----
Polearms       | 5 6 7 8 9 |  9.6
Invocations    | 1 2 |  2.6
Fighting       | 3 |  3.1
Throwing       | |  2.0
Dodging        | |  4.3

Action                   |  1- 3 |  4- 6 |  7- 9 || total
-------------------------+-------+-------+-------++-------
Melee: Trident           |   163 |   145 |    21 ||   329
       Punch             |       |     2 |       ||     2
Invok: Heroism           |       |     1 |     1 ||     2
  Use: Scroll            |    10 |     3 |       ||    13
       Potion            |       |     1 |       ||     1
 Stab: Distracted        |     1 |       |       ||     1
  Eat: Chunk             |     2 |     4 |     1 ||     7
Armor: Leather armour    |     6 |       |       ||     6
       Ring mail         |    27 |    31 |     8 ||    66
Dodge: Dodged            |    71 |   109 |    17 ||   197
